 Dungeon Crawl Stone Soup version 0.25-a0-413-g3b4b6a4ccc (webtiles) character file.

Game seed: 8839854386553554019, levelgen mode: deterministic

54499 LairdRich the Severer (level 14, -7/132 HPs)
             Began as a Minotaur Berserker on Jan 15, 2020.
             Was a High Priest of Trog.
             Splashed by Sonja's acid (19 damage)
             ... on level 12 of the Dungeon on Jan 16, 2020.
             The game lasted 01:33:08 (24290 turns).

LairdRich the Severer (Minotaur Berserker)         Turns: 24290, Time: 01:33:08

Health: -7/132     AC: 11    Str: 25    XL:     14   Next: 34%
Magic:  13/13      EV: 11    Int:  4    God:    Trog [*****.]
Gold:   1163       SH: 13    Dex: 12    Spells: 13/13 levels left

rFire    . . .     SeeInvis .   a - +2 broad axe (drain)
rCold    + . .     Gourm    +   y - +0 shield
rNeg     + . .     Faith    .   K - +0 plate armour
rPois    .         Spirit   .   (helmet restricted)
rElec    .         Reflect  .   H - scarf {cloud immunity}
rCorr    .         Harm     .   l - +1 pair of gloves
MR       +++..                  M - +0 pair of boots
Stlth    ..........             o - amulet of the gourmand
HPRegen  1.32/turn              g - ring of positive energy
MPRegen  0.13/turn              F - ring of protection from cold

@: lethally poisoned (-7 -> -10), corroded, regenerating
A: retaliatory headbutt, horns 2, rugged brown scales 1, thin metallic scales 1,
blurry vision 1, MP-powered wands
a: Berserk, Trog's Hand, Brothers in Arms, Renounce Religion


You were on level 12 of the Dungeon.
You worshipped Trog.
Trog was extremely pleased with you.
You were very full.

You visited 2 branches of the dungeon, and saw 19 of its levels.
You also visited: Sewer.

You collected 1163 gold pieces.

Inventory:

Hand Weapons
 a - a +2 broad axe of draining (weapon)
 b - a +8 hand axe of flaming
 f - a +2 broad axe
Missiles
 C - 8 boomerangs (quivered)
Armour
 l - a +1 pair of gloves (worn)
 y - a +0 shield (worn)
 H - a scarf of cloud immunity (worn)
 K - a +0 plate armour (worn)
 M - a +0 pair of boots (worn)
Jewellery
 g - a ring of positive energy (left hand)
 o - an amulet of the gourmand (around neck)
 F - a ring of protection from cold (right hand)
Wands
 h - a wand of flame (54)
 p - a wand of scattershot (6)
 q - a wand of clouds (13)
 r - a wand of enslavement (11)
 s - a wand of paralysis (5)
 t - a wand of disintegration (18)
 I - a wand of iceblast (10)
 O - a wand of digging (8)
 V - a wand of acid (5)
Scrolls
 i - 5 scrolls of identify
 j - a scroll of teleportation
 k - 7 scrolls of enchant armour
 x - a scroll of blinking
 B - 5 scrolls of magic mapping
 D - 5 scrolls of remove curse
 J - a scroll of torment {unknown}
 L - 2 scrolls of fear
 Q - 2 scrolls of enchant weapon
Potions
 d - 2 potions of flight
 e - 2 potions of might
 m - 6 potions of curing
 n - a potion of ambrosia
 u - a potion of cancellation
 v - 2 potions of berserk rage
 w - a potion of magic
 z - 3 potions of haste
 A - 4 potions of heal wounds
 E - 4 potions of agility
Comestibles
 c - 37 rations


   Skills:
 + Level 13.3 Fighting
   Level 0.1 Long Blades
 * Level 17.8 Axes
 + Level 13.2 Armour
 - Level 9.0 Dodging
 + Level 11.8 Shields


You had 13 spell levels left.
You didn't know any spells.
Your spell library was empty.

Dungeon Overview and Level Annotations

Branches:
Dungeon (13/15)            Temple (0/1) D:7            Lair (6/6) D:11
  Swamp (0/4) Lair:3        Snake (0/4) Lair:4        Slime (0/5) Lair:6
    Orc (0/2) D:11          Sewer (visited)
 Vaults: D:13-14

Altars:
Cheibriados
Fedhas
Gozag
Kikubaaqudgha
Vehumet
Yredelemnul

Shops:
D:6 %   D:9 :   D:10 :

Portals:
Bazaar: D:13

Annotations:
D:3 1 runed translucent door, exclusion: door, LostGamesStreakFreak's ghost, amateur GrMo
D:12 Sonja
Lair:2 exclusion: 3 oklob plants
Lair:5 exclusion: downstairs
Lair:6 exclusion: oklob plant


Innate Abilities, Weirdness & Mutations

You reflexively headbutt those who attack you in melee.
You have a pair of horns on your head.
You are partially covered in rugged brown scales. (AC +1, +3% HP)
You are partially covered in thin metallic scales. (AC +2)
Scrolls take you a little longer to read.
You expend magic power (3 MP) to strengthen your wands.


Message History

Sonja hits you with a +2 dagger of venom.
* * * LOW HITPOINT WARNING * * *
You are poisoned.
You block Sonja's attack. Sonja hits you but does no damage.
You are more poisoned.
Sonja hits you but does no damage.
You are more poisoned.
Sonja hits you but does no damage.
You are more poisoned.
Sonja hits you but does no damage.
Your skin crawls.
You feel resistant to hostile enchantments.
You feel somewhat less full.
You feel yourself speed up.
You feel very sick.
Sonja casts a spell.
Sonja blinks!
Sonja zaps a wand.
The bolt of acid hits you!
* * * LOW HITPOINT WARNING * * *
The acid corrodes you!
You are splashed with acid!!
You die...

≈≈≈.........###≈≈≈≈≈≈≈≈≈≈≈##
≈≈..........# ##≈≈≈≈≈≈≈≈≈.#
≈≈..........# ##≈≈≈≈≈≈÷#.#
≈≈..........# ##≈≈≈≈≈...#
##....#'##### ##≈≈≈.##.#
##...)#.# ##≈#.##.#
≈#....#'###### ######.##.#
≈≈...........####.........#
≈≈..........K'..@.......###
≈#...........#.#§.......#
≈.####.......#.#........########
≈≈####.......#.#...............#
≈≈#.##.......#.#..####+#.......#
≈≈#.##.......#.........#.......#
≈##.##.................+.......#
....<....≈≈.....[.######.......#
###..###≈≈≈≈##.##.# #.......#


You could see Sonja.

Vanquished Creatures
  Fannar (Lair:3)
  3 hydras
  2 catoblepae
  2 two-headed ogres
  10 death yaks (Lair:6)
  A deep troll shaman (Lair:6)
  Nergalle (Lair:2)
  2 manticores
  A cyclops (D:12)
  12 elephants
  9 black mambas
  4 torpor snails (Lair:3)
  A rime drake (Lair:5)
  15 spiny frogs
  A kobold demonologist (D:11)
  3 komodo dragons
  A queen bee (Lair:2)
  2 polar bears
  4 trolls
  2 hornets
  A tyrant leech (Lair:3)
  4 blink frogs
  11 hippogriffs
  Sigmund (D:5)
  A shadow (D:11)
  3 water elementals (D:12)
  5 wyverns
  2 wraiths (D:12)
  34 yaks
  2 hogs (D:8)
  6 basilisks
  A human (D:8)
  3 hungry ghosts
  A steam dragon (D:8)
  Menkaure (D:6)
  2 vampire mosquitoes (D:12)
  4 wargs (D:11)
  An acid dragon (D:13)
  21 water moccasins
  8 porcupines
  3 black bears
  An eye of draining (D:10)
  6 orc warriors
  A necrophage (D:10)
  2 phantoms
  3 ice beasts
  4 sky beasts
  4 ogres
  14 wolves
  8 centaurs
  9 crocodiles
  An elf zombie (D:8)
  A big kobold (D:9)
  12 bullfrogs
  A wyvern zombie (D:7)
  6 scorpions
  48 killer bees
  4 wights
  2 electric eels (D:12)
  7 crimson imps
  2 human zombies (D:8)
  7 hounds
  2 jellies
  A centaur skeleton (D:7)
  5 orc priests
  Crazy Yiuf (D:6)
  3 bullfrog skeletons
  Ijyb (D:5)
  10 worker ants
  4 orc wizards
  3 human skeletons (D:8)
  An ogre zombie (D:8)
  A hound zombie (D:6)
  2 hound skeletons
  3 mummies (D:8)
  A worker ant zombie (D:10)
  12 gnolls
  22 adders
  7 shadow imps
  An adder skeleton (D:8)
  2 adder zombies
  4 worms
  2 dart slugs
  6 leopard geckos
  42 orcs
  9 ball pythons
  6 bats
  8 giant cockroaches
  3 goblins (D:2)
  13 hobgoblins
  11 jackals
  21 kobolds
  6 quokkas
  12 frilled lizards
  An orc skeleton (D:8)
  An orc zombie (D:8)
  10 rats
  6 fungi
578 creatures vanquished.

Vanquished Creatures (others)
  9 fungi
  4 plants
  A withered plant (D:3)
14 creatures vanquished.

Grand Total: 592 creatures vanquished

Notes
Turn   | Place    | Note
-------+----------+-------------------------------------------
     0 | D:1      | LairdRich the Minotaur Berserker began the quest for the
                  | Orb.
     0 | D:1      | Reached XP level 1. HP: 19/19 MP: 0/0
   129 | D:1      | Reached XP level 2. HP: 7/27 MP: 1/1
   130 | D:1      | Reached skill level 4 in Axes
  1136 | D:2      | Reached XP level 3. HP: 23/33 MP: 2/2
  1378 | D:1      | Reached ** piety under Trog
  1628 | D:2      | Reached XP level 4. HP: 37/40 MP: 3/3
  2049 | D:3      | Reached skill level 5 in Axes
  2081 | D:3      | Found a blossoming altar of Fedhas.
  2159 | D:3      | Found a radiant altar of Vehumet.
  2467 | D:3      | Noticed LostGamesStreakFreak's ghost (amateur GrMo)
  2469 | D:3      | Found a runed translucent door.
  2493 | D:3      | Reached XP level 5. HP: 46/47 MP: 4/4
  2538 | D:3      | Reached *** piety under Trog
  2649 | D:3      | Noticed an ogre
  2656 | D:3      | Killed an ogre
  3086 | D:4      | Reached XP level 6. HP: 38/55 MP: 5/5
  3331 | D:4      | Reached skill level 6 in Axes
  3642 | D:4      | Reached skill level 5 in Fighting
  4289 | D:5      | Entered Level 5 of the Dungeon
  4324 | D:5      | Noticed Ijyb
  4397 | D:5      | Killed Ijyb
  4522 | D:5      | Noticed Sigmund
  4539 | D:5      | Killed Sigmund
  4539 | D:5      | Reached XP level 7. HP: 54/61 MP: 6/6
  4595 | D:5      | Reached skill level 7 in Axes
  4621 | D:5      | Found a glowing drain.
  4631 | Sewer    | Entered a sewer
  5665 | D:5      | Reached skill level 5 in Armour
  6036 | D:5      | Found an opulent altar of Gozag.
  6540 | D:6      | Reached skill level 8 in Axes
  6540 | D:6      | Reached skill level 5 in Dodging
  6540 | D:6      | Reached XP level 8. HP: 54/70 MP: 7/7
  6660 | D:6      | Found Kippel's Food Shop.
  6699 | D:6      | Reached **** piety under Trog
  6770 | D:6      | Found a runed translucent door.
  6771 | D:6      | Noticed Crazy Yiuf
  7342 | D:6      | Noticed Menkaure
  7345 | D:6      | Reached skill level 9 in Axes
  7352 | D:6      | Killed Menkaure
  7892 | D:6      | Killed Crazy Yiuf
  8072 | D:7      | Reached skill level 1 in Shields
  8078 | D:7      | HP: 2/73 [orc priest/nerve-wracking pain (10)]
  8079 | D:7      | Gained mutation: You are partially covered in rugged brown
                  | scales. (AC +1, +3% HP) [potion of mutation]
  8079 | D:7      | Gained mutation: You expend magic power (3 MP) to
                  | strengthen your wands. [potion of mutation]
  8079 | D:7      | Gained mutation: Scrolls take you a little longer to read.
                  | [potion of mutation]
  8079 | D:7      | Gained mutation: You are partially covered in thin metallic
                  | scales. (AC +2) [potion of mutation]
  8091 | D:7      | HP: 3/75 [centaur/arrow (2)]
  8488 | D:7      | Reached XP level 9. HP: 81/81 MP: 8/8
  8610 | D:7      | Found a staircase to the Ecumenical Temple.
  8923 | D:7      | Reached skill level 10 in Axes
  8980 | D:7      | Reached ***** piety under Trog
  8980 | D:7      | Received a gift from Trog
 10108 | D:8      | Reached skill level 11 in Axes
 10109 | D:8      | Found a basalt altar of Yredelemnul.
 10136 | D:8      | Reached XP level 10. HP: 80/90 MP: 9/9
 10666 | D:9      | Found Vep Kyot's Book Boutique.
 10981 | D:9      | Received a gift from Trog
 11068 | D:9      | Reached skill level 5 in Shields
 11561 | D:10     | Entered Level 10 of the Dungeon
 11723 | D:10     | Reached skill level 12 in Axes
 12201 | D:10     | Reached XP level 11. HP: 82/99 MP: 10/10
 12347 | D:10     | Noticed a two-headed ogre
 12358 | D:10     | Killed a two-headed ogre
 12462 | D:10     | Found Gidofet's Book Emporium.
 12609 | D:11     | Found an ancient bone altar of Kikubaaqudgha.
 12785 | D:11     | Noticed a two-headed ogre
 12794 | D:11     | Killed a two-headed ogre
 12911 | D:11     | Reached skill level 13 in Axes
 13063 | D:11     | Received a gift from Trog
 13063 | D:11     | Reached skill level 10 in Fighting
 13289 | D:11     | Found a staircase to the Lair.
 13358 | D:11     | Found a staircase to the Orcish Mines.
 13607 | Lair:1   | Entered Level 1 of the Lair of Beasts
 13637 | Lair:1   | Reached skill level 10 in Armour
 14583 | Lair:2   | Reached skill level 14 in Axes
 14591 | Lair:2   | Reached XP level 12. HP: 80/110 MP: 11/11
 14917 | Lair:2   | Noticed Nergalle
 14947 | Lair:2   | Killed Nergalle
 15234 | Lair:2   | Received a gift from Trog
 15387 | Lair:2   | Reached skill level 15 in Axes
 16241 | Lair:2   | Received a gift from Trog
 16625 | Lair:3   | Found a staircase to the Swamp.
 17022 | Lair:3   | Noticed Fannar
 17039 | Lair:3   | Killed Fannar
 17039 | Lair:3   | Reached XP level 13. HP: 99/120 MP: 12/12
 17432 | Lair:3   | Found a snail-covered altar of Cheibriados.
 17695 | Lair:4   | Reached skill level 10 in Shields
 17912 | Lair:4   | You fall into a shaft and drop 1 floor!
 17949 | Lair:5   | Reached skill level 16 in Axes
 18224 | Lair:4   | Found a staircase to the Snake Pit.
 19461 | Lair:5   | Received a gift from Trog
 19481 | Lair:5   | Got a pitted falchion {god gift}
 19871 | Lair:6   | Entered Level 6 of the Lair of Beasts
 19929 | Lair:6   | Found a staircase to the Slime Pits.
 20722 | Lair:6   | Got an ancient lead ring
 20843 | Lair:6   | Identified the ring of Qaol {MP+9 Stlth+} (You found it on
                  | level 6 of the Lair of Beasts)
 21101 | Lair:6   | Reached skill level 17 in Axes
 21377 | Lair:6   | HP: 4/122 [death yak (9)]
 21384 | Lair:6   | HP: 3/122 [poisoned by a black mamba]
 21392 | Lair:6   | HP: 3/122 [poisoned by a black mamba]
 22056 | Lair:6   | Reached XP level 14. HP: 130/130 MP: 13/13
 22686 | Lair:6   | Identified the +3 falchion "Ceojygg" {flame, *Contam +Rage
                  | rPois Int+8} (Trog gifted it to you on level 5 of the Lair
                  | of Beasts)
 23094 | D:12     | Received a gift from Trog
 24275 | D:13     | Noticed Sonja
 24278 | D:13     | Found a gateway to a bazaar.
 24290 | D:12     | Splashed by Sonja's acid

Levels and vault maps discovered:
D:1:      psy_arrival_terrarium, layout_loops_ring
D:2:      layout_rooms, minmay_fractal_squares_5
D:3:      layout_basic, fedhas_ov_isle_minmay, lemuel_coloured_pillars_altar,
          gammafunk_ghost_grave
D:4:      layout_basic, chequers_serial_rivers_room_b
D:5:      layout_basic, grunt_gozag_breadcrumbs, cheibrodos_sewer_entry_drain,
          first_ration, minmay_circle_x, uniq_ijyb, uniq_sigmund
D:6:      minmay_octagon_keep, layout_basic, serial_shops, shop,
          uniq_crazy_yiuf_cottage, uniq_menkaure
D:7:      layout_basic, minmay_temple_entry_antechambers
D:8:      layout_basic, lemuel_mausoleum_altar_yredelemnul, grunt_livestock
D:9:      layout_stronghold, serial_shops, shop
D:10:     layout_basic, serial_shops,
          nicolae_shop_temple_entry_statues_fountains
D:11:     layout_gridville, grunt_lair_entry_orc_guard_hut,
          minmay_orc_entry_guard_dogs, basic_altar, grunt_ministairs_12,
          minmay_holes
D:12:     layout_basic
D:13:     layout_rooms, serial_shops, bzr_entry_water, kennysheep_mini,
          uniq_jorgrun, uniq_nessos, uniq_sonja
Lair:1:   layout_roguey, grunt_megastairs_5, serial_bayou_shore_a,
          serial_bayou_shore_b
Lair:2:   hangedman_what_comes_after_a, layout_hall_layers, uniq_nergalle
Lair:3:   layout_loops_ring, minmay_swamp_entry_worms, kennysheep_snail_temple,
          uniq_fannar
Lair:4:   layout_gridlike, minmay_snake_entry_six_corridors, zaba_anthole,
          st_stairs_4, lemuel_fruit_tree
Lair:5:   layout_gridlike, minivault_11, patterned_corridor
Lair:6:   grunt_lair_end_beastmaster, layout_loops_ring,
          minmay_slime_entry_oklob_open, infiniplex_staircase_pool

Skill      XL: |  1  2  3  4  5  6  7  8  9 10 11 12 13 14 |
---------------+-------------------------------------------+-----
Axes           | 4 5 6 8 9 11 12 14 15 17 | 17.8
Fighting       | 4 5 6 7 8 9 10 11 12 13 | 13.3
Armour         | 3 4 5 6 7 9 10 11 12 13 | 13.2
Dodging        | 3 4 5 6 7 8 9 |  9.0
Shields        | 1 4 6 8 9 11 | 11.8
Long Blades    | |  0.1

Action                   |  1- 3 |  4- 6 |  7- 9 | 10-12 | 13-15 || total
-------------------------+-------+-------+-------+-------+-------++-------
Melee: Hand axe          |    88 |   121 |       |   627 |   427 ||  1263
       Headbutt          |    13 |    29 |    67 |   154 |   156 ||   419
       War axe           |       |    48 |   319 |       |       ||   367
       Unarmed           |       |    10 |       |       |       ||    10
       Broad axe         |       |       |    93 |    69 |    81 ||   243
       Falchion          |       |       |       |       |    16 ||    16
Throw: Boomerang         |       |       |    14 |    27 |    82 ||   123
Invok: Trog's Hand       |       |     2 |       |     1 |     1 ||     4
  Use: Scroll            |       |     6 |     6 |     4 |    10 ||    26
       Potion            |       |       |     4 |     1 |     1 ||     6
 Stab: Petrified         |       |       |       |       |     8 ||     8
       Petrifying        |       |       |       |       |     2 ||     2
  Eat: Chunk             |     2 |     3 |     5 |    34 |    24 ||    68
       Ration            |       |     2 |     5 |       |       ||     7
Armor: Animal skin       |    13 |     1 |       |       |       ||    14
       Scale mail        |       |    25 |       |       |       ||    25
       Chain mail        |       |    49 |   208 |   263 |    41 ||   561
       Plate armour      |       |       |       |       |   218 ||   218
Dodge: Dodged            |    54 |    78 |   189 |   217 |   205 ||   743
Block: Shield            |       |       |    97 |   312 |    64 ||   473
       Rpst.: Falchion   |       |       |       |       |     3 ||     3

Table legend:
 A = Non-vault XP
 B = Vault XP
 C = Vault XP percentage of total XP
 D = Non-vault monster count
 E = Vault monster count
 F = Vault count percentage of total count
                 A         B        C        D         E       F
            +---------+---------+-------+---------+---------+-------
      Total |   47915 |   29941 |  38.5 |     382 |     190 |  33.2
            +---------+---------+-------+---------+---------+-------
        D:1 |      43 |       3 |   6.5 |      25 |       3 |  10.7
        D:2 |      45 |      30 |  40.0 |      16 |       5 |  23.8
        D:3 |     239 |       0 |   0.0 |      27 |       0 |   0.0
        D:4 |     178 |       0 |   0.0 |      15 |       0 |   0.0
        D:5 |     450 |     287 |  38.9 |      27 |       6 |  18.2
        D:6 |     284 |     783 |  73.4 |      13 |      10 |  43.5
        D:7 |    1622 |       0 |   0.0 |      34 |       0 |   0.0
        D:8 |    1198 |    1377 |  53.5 |      23 |      17 |  42.5
        D:9 |    1815 |       0 |   0.0 |      23 |       0 |   0.0
       D:10 |    3946 |       0 |   0.0 |      21 |       0 |   0.0
       D:11 |    3945 |    1499 |  27.5 |      26 |      15 |  36.6
       D:12 |    4072 |       0 |   0.0 |      28 |       0 |   0.0
       D:13 |     623 |       0 |   0.0 |       5 |       0 |   0.0
     Lair:1 |    2296 |    1153 |  33.4 |      14 |       5 |  26.3
     Lair:2 |    5327 |    8472 |  61.4 |      18 |      56 |  75.7
     Lair:3 |    2636 |    2951 |  52.8 |       7 |       6 |  46.2
     Lair:4 |    3720 |    2938 |  44.1 |      10 |      23 |  69.7
     Lair:5 |    7173 |       0 |   0.0 |      25 |       0 |   0.0
     Lair:6 |    8303 |   10364 |  55.5 |      25 |      19 |  43.2
      Sewer |       0 |      84 | 100.0 |       0 |      25 | 100.0
            +---------+---------+-------+---------+---------+-------
